 Dungeon Crawl Stone Soup version 0.31-a0-968-g24f9ace8b5 (webtiles) character file.

Game seed: 8408709560913179178

9296 Moonkey the Thaumaturge (level 11, -7/50 (66) HPs)
             Began as a Deep Elf Conjurer on Oct 27, 2023.
             Was a Believer of Vehumet.
             Mangled by a spectral orc warrior
             ... wielding a +0 glaive
             ... summoned by Nergalle
              (15 damage)
             ... on level 10 of the Dungeon on Oct 28, 2023.
             The game lasted 00:45:27 (14350 turns).

Moonkey the Thaumaturge (Deep Elf Conjurer)        Turns: 14350, Time: 00:45:27

HP:   -7/50 (66)    AC:  5    Str:  4    XL:     11   Next: 21%
MP:   16/27         EV: 16    Int: 28    God:    Vehumet [**....]
Gold: 568           SH:  0    Dex: 19    Spells: 24/31 levels left

rFire   . . .        n - staff of death
rCold   . . .        (no shield)
rNeg    + . .        a - +0 robe
rPois   .            z - +0 helmet
rElec   .            I - +0 cloak
rCorr   .            (no gloves)
SInv    +            J - +0 pair of boots
Will    +....        (no amulet)
Stlth   ++++         B - ring of see invisible
HPRegen 0.28/turn    m - +6 ring of dexterity
MPRegen 0.20/turn

%: no passive effects
@: heavily drained
A: no striking features
a: Renounce Religion


You were on level 10 of the Dungeon.
You worshipped Vehumet.
Vehumet was pleased with you.
You visited 2 branches of the dungeon, and saw 11 of its levels.

You collected 706 gold pieces.
You spent 138 gold pieces at shops.

Inventory:

Missiles
 Q - 6 atropa-tipped darts (quivered)
Armour
 a - a +0 robe (worn)
 z - a +0 helmet (worn)
 I - a +0 cloak (worn)
 J - a +0 pair of boots (worn)
Magical Staves
 n - a staff of death (weapon)
 L - a staff of air
Jewellery
 e - a ring of ice
 g - a +6 ring of dexterity
 m - a +6 ring of dexterity (right hand)
 r - an amulet of regeneration
 B - a ring of see invisible (left hand)
 H - a ring of ice
Wands
 s - a wand of roots (36)
 N - a wand of flame (24)
 P - a wand of digging (4)
 T - a wand of polymorph (3)
Scrolls
 c - 12 scrolls of teleportation
 d - 3 scrolls of enchant weapon
 f - a scroll of fog
 h - a scroll of brand weapon
 l - a scroll of poison {unknown}
 o - 3 scrolls of amnesia
 p - a scroll of immolation {unknown}
 u - 2 scrolls of blinking {unknown}
 v - a scroll of vulnerability {unknown}
 y - a scroll of noise {unknown}
 C - 2 scrolls of butterflies {unknown}
 D - a scroll of torment {unknown}
 E - a scroll of acquirement {unknown}
 F - 2 scrolls of enchant armour
 G - a scroll of silence {unknown}
 O - 2 scrolls of revelation {unknown}
 R - a scroll of fear {unknown}
Potions
 b - a potion of magic
 i - a potion of brilliance
 j - a potion of curing
 k - 3 potions of lignification
 q - a potion of ambrosia {unknown}
 t - 2 potions of mutation {unknown}
 w - 4 potions of enlightenment
 x - 2 potions of resistance
 A - 3 potions of haste
 K - a potion of invisibility {unknown}
 M - a potion of attraction {unknown}
Miscellaneous
 S - a tin of tremorstones (2/2)


   Skills:
 * Level 6.6 Fighting
 + Level 7.3 Dodging
 + Level 7.7 Stealth
 * Level 10.9 Spellcasting
 * Level 9.9 Conjurations
 + Level 5.4 Summonings
 + Level 5.4 Translocations


You had 24 spell levels left.
You knew the following spells:

 Your Spells              Type           Power      Damage    Failure   Level
a - Magic Dart            Conj           100%       1d8       1%          1
b - Searing Ray           Conj           100%       2d8       1%          2
c - Iskenderun's Mystic   Conj/Tloc      55%        2d12      1%          4

Your spell library contained the following spells:

 Spells                   Type           Power      Damage    Failure   Level
 Sandblast                Erth           30%        2d9       3%          1
 Foxfire                  Conj/Fire      100%       2x1d9     1%          1
 Dazzling Flash           Conj/Hex       86%        N/A       1%          3
 Summon Guardian Golem    Hex/Summ       30%        N/A       3%          3
 Fulminant Prism          Conj/Hex       21%        3d12      4%          4
 Cigotuvi's Dreadful Rot  Necr/Pois/Air  46%        N/A       5%          2
 Ignite Poison            Fire/Tmut/Pois 15%        N/A       11%         3
 Inner Flame              Hex/Fire       15%        N/A       11%         3
 Fireball                 Conj/Fire      21%        3d10      13%         5
 Freezing Cloud           Conj/Ice/Air   16%        6-21      26%         5
 Animate Dead             Necr           23%        N/A       36%         4
 Cause Fear               Hex            7%         N/A       36%         4
 Orb of Destruction       Conj           31%        9d10      47%         7
 Starburst                Conj/Fire      21%        6d7       58%         6
 Yara's Violent Unravell  Hex/Tmut       7%         3d5       71%         5
 Spellforged Servitor     Conj/Summ      27%        N/A       78%         7
 Plasma Beam              Fire/Air       7%         2x1d18    99%         6
 Enfeeble                 Hex            7%         N/A       100%        7
 Haunt                    Necr/Summ      22%        N/A       100%        7
 Infestation              Necr           11%        N/A       100%        8
 Dragon's Call            Summ           23%        N/A       100%        9


Dungeon Overview and Level Annotations

Branches:
Dungeon (10/15)            Temple (1/1) D:7
   Lair: D:8-11         Orc: D:9-12

Altars:
Ashenzari
Cheibriados
Dithmenos
Elyvilon
Fedhas
Gozag
Hepliaklqana
Kikubaaqudgha
Makhleb
Nemelex Xobeh
Okawaru
Qazlal
Ru
Sif Muna
Trog
Uskayaw
Vehumet
Wu Jian
Xom
Yredelemnul
Zin
The Shining One

Shops:
D:1 *   D:3 =   D:8 *

Annotations:
D:10 Nergalle


Message History

The magic dart hits Nergalle.
Nergalle is lightly wounded.
Nergalle shouts!
Casting: Magic Dart (safe; 1% risk of failure)
Confirm with . or Enter, or press ? or * to list all spells.
You erupt in a blast of force!
The mystic blast hits Nergalle.
Nergalle is lightly wounded.
Nergalle is knocked back by the mystic blast.
Unknown command.
Casting: Iskenderun's Mystic Blast (dangerous; 1% risk of failure)
Confirm with . or Enter, or press ? or * to list all spells.
You erupt in a blast of force!
The mystic blast hits Nergalle!
Nergalle is lightly wounded.
Nergalle is knocked back by the mystic blast.
You hear a bellow!
Unknown command.
Nergalle gestures at you while chanting.
Orcish apparitions take form around you.
Casting: Iskenderun's Mystic Blast (dangerous; 1% risk of failure)
Confirm with . or Enter, or press ? or * to list all spells.
You erupt in a blast of force!
The mystic blast hits the spectral orc!
You destroy the spectral orc!
The spectral orc disappears in a puff of smoke!
The mystic blast hits the spectral orc warrior.
The spectral orc warrior is lightly damaged.
The spectral orc warrior is knocked back by the mystic blast.
The mystic blast hits Nergalle but does no damage.
Nergalle is lightly wounded.
The mystic blast hits the spectral orc warrior!
The spectral orc warrior is moderately damaged.
The spectral orc warrior is knocked back by the mystic blast.
You hear a bellow!
Nergalle gestures at you while chanting.
The bolt of negative energy hits you!! You partially resist.
You feel drained. Nergalle casts a spell at you.
The bolt of negative energy hits you!! You partially resist.
You feel drained.
* * * LOW HITPOINT WARNING * * *
The spectral orc warrior attacks as it pursues you!
The spectral orc warrior hits you from afar with a +0 glaive!
You die...

#.##..#.#.............
##.##..............#.##
#................#.#.#.
#..###.#.#.......#.#...
#######.####Z#.#.......#.####
#............................
#######.##.#Z################
#Z..#.#.'.........
#.Z.#.#@#.........
#.Z.#.#o##..############
#.Zo..#..#...# #........
#.....#..#...###........
##....#..##...##..######
#..)##...#....#..#
#...##...##......#
###.##....###....##
#.##......####..#


You could see Nergalle and 2 spectral orc warriors.

Vanquished Creatures
  3 two-headed ogres
  Joseph (D:10)
  Maurice (D:10)
  2 trolls (D:10)
  A hornet (D:7)
  Prince Ribbit (D:7)
  3 wyverns
  2 shadows (D:10)
  10 yaks
  3 vampire mosquitoes (D:10)
  A water moccasin (D:7)
  2 acid dragons (D:10)
  4 orc warriors
  3 ice beasts
  A phantom (D:7)
  2 kobold brigands (D:7)
  3 bullfrogs
  A gnoll sergeant (D:10)
  2 scorpions
  5 wights
  9 killer bees (D:9)
  A howler monkey (D:10)
  4 jellies
  3 hounds
  4 orc priests
  Crazy Yiuf (D:6)
  A gnoll bouda (D:5)
  Jessica (D:3)
  Natasha (thrice) (D:2)
  2 iguanas
  15 orc wizards
  10 adders
  11 gnolls
  2 shadow imps
  2 white imps
  4 worms
  A dart slug (D:5)
  40 orcs
  5 bats
  5 endoplasms
  5 giant cockroaches
  5 hobgoblins
  2 quokkas
  3 ball pythons
  3 goblins
  13 kobolds
  3 rats (D:1)
209 creatures vanquished.

Vanquished Creatures (others)
  An orc wizard (D:7)
1 creature vanquished.

Grand Total: 210 creatures vanquished

Notes
Turn   | Place    | Note
-------+----------+-------------------------------------------
     0 | D:1      | Moonkey the Deep Elf Conjurer began the quest for the Orb.
     0 | D:1      | Reached XP level 1. HP: 10/10 MP: 6/6
   134 | D:1      | Found a faded altar of an unknown god.
   432 | D:1      | Reached XP level 2. HP: 16/16 MP: 6/8
   472 | D:1      | Found Mous's General Store.
   479 | D:1      | Bought a scroll of identify for 26 gold pieces
   850 | D:2      | Learned a level 2 spell: Searing Ray
  1080 | D:2      | Reached XP level 3. HP: 20/20 MP: 1/10
  1160 | D:2      | Reached skill level 1 in Fighting
  1556 | D:2      | Noticed Natasha
  1562 | D:2      | Killed Natasha
  1563 | D:2      | Reached XP level 4. HP: 25/25 MP: 4/11
  1778 | D:2      | Reached skill level 4 in Spellcasting
  1792 | D:2      | Reached skill level 5 in Conjurations
  1906 | D:2      | Noticed Natasha
  1913 | D:2      | Killed Natasha
  2052 | D:2      | Noticed Natasha
  2056 | D:2      | Killed Natasha
  2057 | D:2      | Reached XP level 5. HP: 25/30 MP: 8/13
  2285 | D:1      | Bought a scroll of amnesia for 52 gold pieces
  2370 | D:3      | Found Qyciw's Jewellery Shoppe.
  2587 | D:3      | Noticed Jessica
  2590 | D:3      | Killed Jessica
  3542 | D:4      | Found a basalt altar of Yredelemnul.
  3558 | D:4      | Reached XP level 6. HP: 34/35 MP: 8/15
  3766 | D:5      | Entered Level 5 of the Dungeon
  3782 | D:5      | Noticed an ice beast
  3795 | D:5      | Killed an ice beast
  3796 | D:5      | Reached skill level 5 in Spellcasting
  3989 | D:5      | Learned a level 4 spell: Iskenderun's Mystic Blast
  4403 | D:5      | Reached XP level 7. HP: 40/40 MP: 7/17
  4559 | D:5      | Reached skill level 1 in Summonings
  4688 | D:5      | Reached skill level 1 in Translocations
  5140 | D:6      | Reached skill level 6 in Spellcasting
  5687 | D:6      | Found an opulent altar of Gozag.
  6021 | D:6      | Found a runed translucent door.
  6022 | D:6      | Noticed Crazy Yiuf
  6028 | D:6      | Killed Crazy Yiuf
  6111 | D:7      | Reached XP level 8. HP: 46/46 MP: 13/19
  6404 | D:7      | Noticed a hornet
  6708 | D:7      | Noticed a two-headed ogre
  6740 | D:7      | Noticed Prince Ribbit
  6748 | D:7      | Killed Prince Ribbit
  6749 | D:7      | Reached skill level 5 in Stealth
  6749 | D:7      | Reached skill level 7 in Spellcasting
  6975 | D:7      | Reached skill level 5 in Dodging
  7748 | D:7      | Paralysed by a hornet for 2 turns
  7750 | D:7      | HP: 2/48 [hornet (12)]
  7752 | D:7      | Killed a hornet
  7753 | D:7      | Reached XP level 9. HP: 13/52 MP: 1/22
  8483 | D:7      | Killed a two-headed ogre
  8484 | D:7      | Reached skill level 8 in Spellcasting
  8610 | D:7      | Found a staircase to the Ecumenical Temple.
  8616 | Temple   | Entered the Ecumenical Temple
  8626 | Temple   | Became a worshipper of Vehumet
  9001 | D:8      | Found Hrchikke's Humungous Hoard.
  9143 | D:8      | Reached skill level 5 in Fighting
  9170 | D:8      | Bought a potion of heal wounds for 60 gold pieces
  9261 | D:8      | Reached skill level 9 in Spellcasting
  9267 | D:8      | Reached XP level 10. HP: 59/59 MP: 6/25
  9678 | D:8      | Reached * piety under Vehumet
  9678 | D:8      | Offered knowledge of Freeze by Vehumet.
  9836 | D:8      | Upgraded the game from 0.31-a0-965-g8a8ce12e04 to
                  | 0.31-a0-968-g24f9ace8b5
 10001 | D:9      | Found an iron altar of Okawaru.
 10033 | D:9      | Noticed a cyclops
 11869 | D:10     | Entered Level 10 of the Dungeon
 11889 | D:10     | Found a blossoming altar of Fedhas.
 11907 | D:10     | Noticed Nergalle
 11945 | D:10     | Reached skill level 10 in Spellcasting
 12185 | D:10     | Noticed Joseph
 12215 | D:10     | HP: 1/53 [Joseph/sling bullet (10)]
 12230 | D:10     | Killed Joseph
 12713 | D:10     | Noticed Maurice
 12811 | D:10     | Killed Maurice
 12812 | D:10     | Reached skill level 5 in Summonings
 12812 | D:10     | Reached skill level 5 in Translocations
 13145 | D:10     | Noticed a gargoyle
 13367 | D:10     | Offered knowledge of Sandblast by Vehumet.
 13368 | D:10     | Reached XP level 11. HP: 63/65 MP: 14/27
 13557 | D:10     | Reached ** piety under Vehumet
 13668 | D:10     | Noticed a two-headed ogre
 13688 | D:10     | Killed a two-headed ogre
 13892 | D:10     | Noticed a two-headed ogre
 13904 | D:10     | Killed a two-headed ogre
 14022 | D:10     | Noticed a spectral orc warlord
 14350 | D:10     | Mangled by a spectral orc warrior

Illustrated notes

Levels and vault maps discovered:
D:1:      dpeg_arrival_pond, layout_basic, serial_shops, shop,
          basic_ecumenical_altar, serial_bayou_lake_a
D:2:      layout_loops_cross, serial_park_tiny_1,
          chequers_serial_rivers_micro_e, uniq_natasha
D:3:      layout_basic, serial_shops, nicolae_shop_statue_plus, minivault_5,
          uniq_jessica
D:4:      layout_gridville, mainiacjoe_overflow_surrounded_room
D:5:      layout_basic, chequers_garden
D:6:      layout_basic, nicolae_gozag_cash_rules_everything_around_me,
          nicolae_half_adder, uniq_crazy_yiuf_cottage
D:7:      layout_gridville, minmay_temple_entry_enclosed_plants,
          minmay_quadrilaterals, uniq_prince_ribbit1
D:8:      layout_basic, nicolae_alphabet_shops
D:9:      minmay_weird_star, layout_basic, okawaru_gym_becter, billiards_dpeg
D:10:     minmay_quarter_circles, layout_basic, mainiacjoe_overflow_boulevard,
          uniq_nergalle, uniq_joseph, uniq_maurice
Temple:   mainiacjoe_temple_coin_purse

Skill      XL: |  1  2  3  4  5  6  7  8  9 10 |
---------------+-------------------------------+-----
Fighting       | 1 2 3 4 5 6 |  6.6
Dodging        | 3 4 5 6 7 |  7.3
Stealth        | 3 4 5 6 7 |  7.7
Spellcasting   | 4 5 6 7 9 10 | 10.9
Conjurations   | 5 6 7 8 9 |  9.9
Summonings     | 1 3 4 5 |  5.4
Translocations | 1 3 4 5 |  5.4

Action                     |  1- 3 |  4- 6 |  7- 9 | 10-12 || total
---------------------------+-------+-------+-------+-------++-------
  Melee: Unarmed           |       |     2 |       |       ||     2
   Cast: Magic Dart        |    70 |   112 |   173 |   115 ||   470
         Searing Ray       |     2 |    12 |    42 |    38 ||    94
         Iskenderun's Myst |       |       |    15 |    77 ||    92
  Evoke: Wand              |       |       |       |     4 ||     4
    Use: Scroll            |       |     6 |     1 |     3 ||    10
         Potion            |       |     1 |     4 |     7 ||    12
 Armour: Robe              |     6 |    31 |    41 |    84 ||   162
  Dodge: Dodged            |    11 |    34 |    77 |    95 ||   217

Table legend: (Time is in decaauts)
 A = Elapsed time spent in this place.
 B = Non-inter-level travel time spent in this place.
 C = Inter-level travel time spent in this place.
 D = Time resting spent in this place.
 E = Time spent auto-exploring this place.
 F = Levels seen in this place.
 G = Mean time per level.
                   A        B        C        D        E       F      G
               +--------+--------+--------+--------+--------+-----+--------+
         Total |  14377 |  13802 |    575 |   5898 |   5667 |  11 | 1307.0 |
       Dungeon |  14356 |  13799 |    557 |   5898 |   5667 |  10 | 1435.6 |
        Temple |     20 |      2 |     18 |      0 |      0 |   1 |   20.0 |
               +--------+--------+--------+--------+--------+-----+--------+

Top non-repeatable levels by time:
     D:7: 2741 daAuts
     D:9: 2379 daAuts
    D:10: 1874 daAuts
     D:2: 1284 daAuts
     D:6: 1190 daAuts
     D:5: 1130 daAuts
     D:8: 1120 daAuts
     D:1: 1070 daAuts
     D:3: 1019 daAuts
     D:4: 545 daAuts
  Temple: 20 daAuts
